Map: Orbital Shipyard

Players

Polt - Winner!

  • Race: Terran Terran

Snute

  • Race: Zerg Zerg

Event: 2016 WCS Winter Circuit Championship

VOD

Have the link to the VOD?

Description

Time

  • Played on: March 5, 2016, 9:02 a.m.
  • Length: 16:52

All games in this series

Show
View Real Time Build Order
Export as new Build Order

Polt Terran - Winner!

Build Orders: Reaper Expand, Bio Tank 

Get SALT Encoding   

  12  0:00  SCV  
  13  0:13  SCV  
  14  0:18  Supply Depot  
  14  0:25  SCV  
  15  0:40  SCV  
  15  0:41  Barracks  
  16  0:44  Refinery  
  16  0:52  SCV  
  18  1:04  SCV  
  18  1:16  SCV  
  19  1:28  Orbital Command  
  19  1:29  Reaper  
  20  1:40  Command Center  
  20  1:51  Supply Depot  
  20  1:53  SCV  
  21  2:00  Marine  
  22  2:06  SCV  
  23  2:09  Factory  
  23  2:15  Refinery  
  23  2:18  SCV  
  23  2:22  Barracks Reactor  
  24  2:30  SCV  
  25  2:42  SCV  
  26  2:51  Orbital Command  
  26  2:54  SCV, Starport  
  27  2:59  Factory Tech Lab  
  27  3:00  Marine x2  
  29  3:06  SCV  
  30  3:17  SCV  
  30  3:18  SCV, Marine x2  
  30  3:19  Supply Depot  
  34  3:20  Siege Tank  
  37  3:29  SCV  
  37  3:30  SCV  
  39  3:39  Medivac  
  41  3:41  SCV  
  41  3:42  SCV  
  41  3:47  Command Center  
  43  3:53  SCV  
  43  3:54  SCV  
  44  4:04  Marine  
  44  4:05  SCV, Stimpack  
  44  4:07  SCV  
  47  4:11  Barracks  
  47  4:13  Barracks  
  47  4:14  Viking  
  49  4:17  SCV  
  49  4:19  Supply Depot, SCV  
  49  4:22  Refinery, Factory Reactor  
  51  4:25  Refinery  
  51  4:27  Marine  
  52  4:40  SCV x2  
  54  4:45  Marine  
  54  4:48  Starport Reactor  
  54  4:52  Engineering Bay, SCV x2  
  57  4:53  Engineering Bay  
  57  5:00  Orbital Command  
  57  5:04  SCV x2, Marine x2  
  61  5:11  Factory Tech Lab  
  61  5:12  Marine  
  61  5:13  Marine x2  
  64  5:16  SCV x2  
  64  5:18  Terran Infantry Weapons Level 1  
  64  5:19  Terran Infantry Armor Level 1  
  66  5:25  Medivac x2  
  66  5:26  Orbital Command  
  70  5:31  Marine x5  
  75  5:35  Barracks  
  75  5:37  Barracks  
  75  5:38  SCV x2  
  77  5:56  Marine x4  
  84  5:57  SCV x3  
  84  5:58  Supply Depot x2  
  84  5:59  Supply Depot  
  84  6:08  Supply Depot  
  84  6:09  Combat Shields, SCV  
  85  6:12  Supply Depot  
  85  6:19  Siege Tank, SCV x2, Medivac, Marine  
  85  6:20  Medivac  
  85  6:21  SCV  
  96  6:31  SCV x2  
  98  6:33  Missile Turret, SCV  
  98  6:35  Supply Depot  
  98  6:37  Supply Depot  
  98  6:39  Factory  
  99  6:43  Armory  
  99  6:46  Marine x4  
  104  6:47  Barracks Reactor x2  
  104  6:48  Marine  
  104  6:50  SCV  
  104  6:53  SCV x2  
  106  6:56  Siege Tank  
  106  7:00  Supply Depot  
  109  7:02  Supply Depot  
  109  7:04  Refinery  
  109  7:05  Refinery  
  109  7:13  SCV x3  
  112  7:25  Supply Depot, SCV x3  
  112  7:26  Supply Depot  
  112  7:28  Factory Tech Lab  
  115  7:35  Terran Infantry Weapons Level 2, Terran Infantry Armor Level 2  
  115  7:37  Terran Vehicle Weapons Level 1  
  115  7:42  Marine x4  
  115  7:43  Marine x5  
  122  7:47  SCV x2  
  122  7:48  Siege Tank  
  122  7:50  Command Center  
  127  7:53  Siege Tank  
  129  8:02  Marine x6  
  129  8:03  Marine x3  
  129  8:05  Medivac  
  140  8:07  Medivac  
  139  8:20  Marine x8  
  139  8:21  Marine  
  148  8:27  Siege Tank x2  
  154  8:41  Barracks  
  154  8:42  Supply Depot  
  154  8:43  Barracks, Marine x2  
  154  8:44  Barracks, Marine x6  
  154  8:45  Marine  
  163  8:59  Siege Tank, Medivac x2  
  163  9:00  Siege Tank  
  169  9:12  Liberator x2  
  169  9:14  Marine x9  
  178  9:31  Siege Tank  
  178  9:32  Siege Tank  
  178  9:36  Command Center  
  184  9:38  Barracks Tech Lab  
  184  9:39  Barracks Tech Lab x2  
  166  10:02  Marine x4  
  166  10:03  Marauder, Marine x4  
  166  10:04  Marauder x3  
  164  10:13  Siege Tank x2  
  154  10:20  Marine x6  
  154  10:21  Marine x2  
  147  10:24  Medivac x2  
  147  10:25  Marauder x4  
  159  10:28  Terran Infantry Weapons Level 3  
  159  10:36  Terran Vehicle Weapons Level 2  
  159  10:48  Marauder x4, Marine x8  
  174  10:56  Orbital Command  
  174  11:00  Command Center  
  174  11:01  Planetary Fortress  
  174  11:19  Liberator  
  174  11:20  Liberator  
  171  11:26  Marauder x4, Marine x8  
  171  11:29  Refinery  
  171  11:31  Concussive Shells  
  187  11:34  Siege Tank x2  
  199  11:47  Marine  
  188  12:01  Refinery  
  182  12:06  Marine x4  
  182  12:07  Marine x8  
  194  12:10  Terran Infantry Armor Level 3  
  192  12:18  Command Center  
  192  12:19  Medivac x2  
  192  12:20  Command Center  
  196  12:27  Missile Turret  
  196  12:29  Sensor Tower  
  165  12:45  Marauder  
  165  12:46  Marauder x3, Marine x8  
  165  12:47  Siege Tank x2  
  165  12:49  Medivac x2  
  190  12:51  Refinery  
  190  12:52  Refinery  
  190  12:55  Terran Vehicle Weapons Level 3  
  190  13:18  Starport  
  190  13:19  Medivac x2, Building Armor  
  194  13:26  Command Center  
  193  13:30  Siege Tank x2  
  198  13:38  Orbital Command  
  198  13:39  Planetary Fortress  
  198  13:49  Command Center  
  187  14:06  Planetary Fortress, Marauder x2  
  187  14:07  Marine x2  
  187  14:08  Marine x7  
  199  14:13  Starport Reactor  
  199  14:15  Marine  
  197  14:39  Planetary Fortress  
  197  14:40  Missile Turret  
  199  14:47  Hi-Sec Auto Tracking  
  199  14:48  Viking x2  
  196  14:53  Viking x2  
  199  15:03  Marine x6  
  199  15:04  Marine x6  
  196  15:14  Orbital Command  
  196  15:18  Viking x2  
  200  15:23  Viking  
  174  15:50  Marine x6  
  174  15:51  Marine x6  
  174  15:56  Medivac x2  
  187  15:57  Medivac x2  
  187  15:59  Thor  
Show
View Real Time Build Order
Export as new Build Order

Snute Zerg 

Build Orders: Hatch First 

Get SALT Encoding   

  12  0:00  Drone  
  13  0:12  Overlord  
  13  0:17  Drone  
  14  0:30  Drone x2  
  14  0:34  Drone  
  17  0:52  Hatchery  
  17  0:54  Drone  
  17  0:57  Drone  
  17  1:02  Extractor  
  17  1:12  Spawning Pool  
  17  1:15  Drone  
  17  1:19  Drone  
  18  1:28  Drone  
  19  1:38  Overlord  
  19  1:59  Queen, Zergling x2  
  19  2:00  Zergling x2  
  23  2:01  Metabolic Boost  
  23  2:04  Queen  
  25  2:10  Drone  
  25  2:13  Overlord  
  26  2:21  Drone  
  27  2:30  Drone x2  
  27  2:33  Drone  
  27  2:36  Queen  
  32  2:41  Overlord  
  32  2:46  Drone  
  32  2:49  Drone  
  34  3:03  Spore Crawler  
  34  3:05  Extractor  
  31  3:06  Drone x3  
  31  3:07  Drone  
  31  3:11  Drone x2  
  39  3:23  Hatchery  
  38  3:29  Queen  
  40  3:34  Queen  
  40  3:38  Drone  
  40  3:39  Drone  
  44  3:43  Zergling x4  
  44  3:46  Overlord  
  44  3:48  Drone  
  47  3:49  Drone  
  47  3:51  Drone  
  47  3:53  Drone  
  47  3:55  Drone  
  51  3:58  Drone  
  52  4:04  Drone x3  
  52  4:07  Queen  
  57  4:20  Drone  
  57  4:21  Drone x2  
  60  4:29  Overlord  
  59  4:40  Zergling x14  
  59  4:45  Drone  
  66  4:48  Drone  
  66  4:49  Lair  
  67  4:53  Drone, Evolution Chamber, Extractor  
  67  4:54  Evolution Chamber, Overlord  
  67  4:57  Drone, Extractor  
  65  5:00  Drone  
  65  5:02  Extractor  
  65  5:05  Drone  
  66  5:09  Overlord  
  66  5:13  Overlord  
  66  5:14  Drone x3  
  66  5:20  Roach Warren  
  68  5:23  Drone  
  68  5:24  Drone x2  
  68  5:28  Zerg Missile Weapons Level 1  
  70  5:30  Overlord  
  70  5:31  Drone x3  
  70  5:32  Drone  
  70  5:35  Queen x2  
  78  5:36  Extractor  
  77  5:43  Drone x3  
  77  5:46  Extractor, Drone x3  
  77  5:47  Drone  
  77  5:48  Drone x2  
  77  5:49  Drone x3  
  85  5:51  Zerg Ground Armor Level 1  
  85  5:52  Drone  
  83  6:00  Glial Reconstitution  
  83  6:05  Roach x2  
  83  6:06  Roach  
  83  6:10  Overlord  
  89  6:14  Overlord  
  89  6:15  Overlord  
  89  6:17  Overlord  
  89  6:30  Overlord x3  
  89  6:35  Ravager x3  
  89  6:36  Roach x5  
  89  6:37  Queen  
  104  6:41  Roach  
  104  6:44  Hatchery  
  105  6:49  Roach x6  
  117  7:00  Infestation Pit  
  116  7:01  Roach  
  116  7:02  Roach x4  
  116  7:05  Hatchery  
  125  7:12  Ravager x3  
  125  7:13  Overlord x2  
  125  7:14  Queen x2  
  129  7:26  Zerg Missile Weapons Level 2  
  129  7:28  Hatchery  
  124  7:43  Roach, Ravager  
  124  7:44  Roach x11  
  142  7:50  Queen  
  146  7:51  Queen  
  150  7:58  Ravager x2  
  150  8:03  Overlord x2  
  154  8:05  Roach x2  
  154  8:12  Infestor  
  151  8:14  Overlord  
  150  8:24  Roach x6  
  162  8:27  Ravager x2  
  162  8:28  Queen  
  162  8:29  Queen  
  162  8:32  Queen  
  170  8:38  Roach  
  170  8:39  Overlord x2, Roach x2  
  176  8:46  Roach x2  
  180  9:00  Spore Crawler  
  180  9:01  Spore Crawler  
  178  9:15  Roach  
  178  9:16  Roach x12  
  200  9:29  Overlord  
  200  9:36  Overlord  
  200  9:44  Zerg Ground Armor Level 2  
  200  9:53  Hatchery  
  177  10:06  Roach x7  
  177  10:07  Roach x2  
  103  10:23  Swarm Host  
  103  10:24  Swarm Host x2  
  112  10:30  Infestor x2  
  112  10:32  Hive  
  112  10:33  Spire  
  112  10:34  Roach  
  117  10:35  Queen  
  117  10:36  Queen  
  121  10:47  Drone x3  
  124  11:11  Pneumatized Carapace  
  124  11:13  Ravager x2  
  124  11:14  Roach x7  
  124  11:15  Roach x7  
  154  11:28  Spore Crawler, Roach x5  
  155  11:33  Ravager x3  
  158  11:46  Roach x3  
  158  11:47  Roach x8  
  173  11:57  Greater Spire  
  173  12:00  Ravager  
  173  12:01  Ravager x2  
  176  12:02  Roach  
  176  12:03  Roach  
  174  12:17  Roach x9  
  192  12:25  Ravager  
  153  12:47  Infestor x2  
  153  12:51  Corruptor x2  
  161  12:58  Hatchery  
  161  12:59  Extractor  
  161  13:01  Extractor  
  161  13:03  Queen x3  
  162  13:28  Corruptor x2  
  163  13:37  Corruptor  
  163  13:38  Queen  
  157  14:03  Brood Lord x2  
  157  14:08  Spore Crawler  
  157  14:09  Queen x2, Brood Lord x3  
  166  14:13  Corruptor  
  166  14:14  Queen  
  170  14:35  Queen  
  170  14:37  Roach  
  170  14:38  Roach  
  174  14:39  Ravager x2  
  174  14:40  Ravager  
  174  14:44  Queen x2  
  174  14:49  Brood Lord  
  176  15:05  Roach x6  
  176  15:06  Extractor  
  188  15:07  Ravager x4  
  186  15:32  Queen x3  
  186  15:35  Infestor x3  
  137  15:54  Roach x6  
  127  16:11  Ravager x4  
  127  16:12  Roach x2  
  127  16:13  Roach x3  
Tags
 
Add a new tag
Caveats
  • Supply blocks, unpowered buildings, or Contaminate may cause inaccurate times.
  • Supply counts are checked every 10 seconds.